 Dungeon Crawl Stone Soup version 0.21.1-1-g345015f (webtiles) character file.

691 garbagetei the Covered (level 7, -13/44 HPs)
             Began as a Gargoyle Fighter on Feb 23, 2018.
             Mangled by an ogre
             ... wielding a +0 giant club
              (25 damage)
             ... on level 4 of the Dungeon.
             The game lasted 00:07:19 (5082 turns).

garbagetei the Covered (Gargoyle Fighter)           Turns: 5082, Time: 00:07:20

Health: -13/44     AC: 13    Str: 22    XL:     7   Next: 63%
Magic:  7/7        EV:  8    Int:  8    God:
Gold:   258        SH: 10    Dex: 12    Spells: 6/6 levels left

rFire    . . .     SeeInvis .   m - +3 club
rCold    . . .     Gourm    .   c - +0 shield
rNeg     + . .     Faith    .   b - +0 scale mail
rPois    ∞         Spirit   .   y - +0 helmet
rElec    +         Reflect  .   (no cloak)
rCorr    .         Harm     .   (no gloves)
MR       .....                  (no boots)
Stlth    ..........             (no amulet)
HPRegen  0.14/turn              g - +3 ring of dexterity
MPRegen  0.10/turn              (no ring)

@: no status effects
A: negative energy resistance 1, electricity resistance, unbreathing,
petrification resistance, rot immunity, AC +4
a: no special abilities


You were on level 4 of the Dungeon.
You were not hungry.

You visited 1 branch of the dungeon, and saw 5 of its levels.

You collected 258 gold pieces.

Inventory:

Hand Weapons
 a - a +0 flail
 m - a +3 club (weapon)
Missiles
 z - 33 arrows
Armour
 b - a +0 scale mail (worn)
 c - a +0 shield (worn)
 y - a +0 helmet (worn)
Jewellery
 g - a +3 ring of dexterity (left hand)
 o - a cursed ring of loudness {unknown}
 s - a cursed -6 ring of strength {unknown}
Wands
 x - a wand of random effects (15)
Scrolls
 i - 6 scrolls of remove curse {unknown}
 k - a scroll of immolation {unknown}
 l - a scroll of amnesia {unknown}
 p - 2 scrolls of identify {unknown}
 q - a scroll of fog {unknown}
 r - a scroll of teleportation {unknown}
 t - a scroll of fear {unknown}
 v - a scroll of blinking {unknown}
Potions
 d - 2 potions of heal wounds {unknown}
 e - a potion of ambrosia {unknown}
 h - 2 potions of curing {unknown}
 j - 3 potions of brilliance {unknown}
 u - a potion of experience {unknown}
 w - a potion of lignification {unknown}
Books
 n - a book of Minor Magic

   Spells                             Type                      Level
   a - Magic Dart                     Conjuration                  1
   b - Blink                          Translocation                2
   c - Call Imp                       Summoning                    2
   d - Slow                           Hexes                        2
   e - Conjure Flame                  Conjuration/Fire             3
   f - Mephitic Cloud                 Conjuration/Poison/Air       3
Comestibles
 f - 9 rations
 A - 3 chunks of flesh


   Skills:
 + Level 4.6 Fighting
 * Level 4.7 Maces & Flails
 * Level 5.7 Armour
 * Level 5.7 Shields


You had 6 spell levels left.
You didn't know any spells.

Dungeon Overview and Level Annotations

Branches:
Dungeon (5/15)
 Temple: D:4-7

Altars:
The Shining One

Annotations:
D:3 garbagetei's ghost, amateur GrFi


Innate Abilities, Weirdness & Mutations

You are resistant to torment.
Your stone body is resilient. (AC +4)
You are immune to poison.
You resist negative energy. (rN+)
You are resistant to electric shocks. (rElec)
You can survive without breathing.
You are immune to petrification.
You are immune to rotting.


Message History

Evoke which item? (* to show all) (? for menu, Esc to quit)
Aiming: Random Effects
Press: ? - help, Shift-Dir - straight line, f - ogre
Aim: an ogre, wielding a giant club (moderately wounded)
The mass of ice explodes!
The iceblast engulfs the ogre.
The ogre is almost dead.
The iceblast engulfs you! You block the ogre's attack.
Evoke which item? (* to show all) (? for menu, Esc to quit)
Aiming: Random Effects
Press: ? - help, Shift-Dir - straight line, f/p - ogre
Aim: an ogre, wielding a giant club (almost dead)
The ogre flickers and vanishes!
Deactivating autopickup; reactivate with Ctrl-A.
Something hits you.
* * * LOW HITPOINT WARNING * * *
You closely miss something. You closely miss something.
Something hits you but does no damage.
You barely miss something. Something hits you!!
Ouch! That really hurt!
You die...

#...###..⌠._.⌠..###.....+..
#######.#...##..⌠.⌠..##...##+##..
#............##..⌠..##..#........
#.............##...##...'........
#..............##.##....#........
#...............###.....#........
#................#..#####........
.....##########+.#........#####..
.....#..........@.........#<..#..
.....#..........#{........#...#..
.....#..........#.........#...#..
.....#.####.##..#>........###'#..
###'##.####+##..#####............
....................#............
....................#............
....................#............
###..####.####...##.#............


There were no monsters in sight!

Vanquished Creatures
  Sigmund (D:2)
  An ogre (D:2)
  A centaur (D:5)
  A scorpion (D:4)
  A hound (D:4)
  An orc priest (D:4)
  Jessica (D:2)
  4 worker ants (D:4)
  An orc wizard (D:4)
  3 adders
  A shadow imp (D:5)
  An adder skeleton (D:4)
  An adder zombie (D:4)
  2 worms
  A dart slug (D:2)
  3 leopard geckos
  4 orcs
  A ball python (D:3)
  6 giant cockroaches
  6 goblins
  7 hobgoblins
  11 jackals
  11 bats
  7 frilled lizards
  5 kobolds
  A leopard gecko skeleton (D:4)
  A quokka skeleton (D:4)
  6 rats
90 creatures vanquished.

Notes
Turn   | Place    | Note
-------+----------+-------------------------------------------
     0 | D:1      | garbagetei the Gargoyle Fighter began the quest for the Orb.
     0 | D:1      | Reached XP level 1. HP: 14/14 MP: 1/1
    68 | D:1      | Reached XP level 2. HP: 16/19 MP: 2/2
   367 | D:1      | Reached XP level 3. HP: 23/23 MP: 3/3
   652 | D:2      | Noticed Sigmund
   676 | D:2      | Killed Sigmund
   676 | D:2      | Reached XP level 4. HP: 17/29 MP: 4/4
   676 | D:2      | Reached XP level 5. HP: 20/33 MP: 5/5
   856 | D:2      | Noticed an ogre
   864 | D:2      | Killed an ogre
   864 | D:2      | Reached XP level 6. HP: 31/38 MP: 6/6
  1240 | D:2      | Noticed Jessica
  1244 | D:2      | Killed Jessica
  2527 | D:3      | Reached skill level 5 in Armour
  2527 | D:3      | Reached skill level 5 in Shields
  2603 | D:3      | Noticed garbagetei's ghost (amateur GrFi)
  3938 | D:4      | Found a glowing golden altar of the Shining One.
  4349 | D:4      | Reached XP level 7. HP: 31/44 MP: 7/7
  4835 | D:5      | Entered Level 5 of the Dungeon
  5082 | D:4      | Mangled by an ogre

Skill      XL: |  1  2  3  4  5  6 |
---------------+-------------------+-----
Maces & Flails | 3 4 |  4.7
Armour         | 4 5 |  5.7
Shields        | 4 5 |  5.7
Fighting       | 4 |  4.6

Action                   |  1- 3 |  4- 6 |  7- 9 || total
-------------------------+-------+-------+-------++-------
Melee: Flail             |   112 |    39 |       ||   151
       Club              |       |   159 |    93 ||   252
Evoke: Wand              |       |       |     2 ||     2
  Use: Potion            |     1 |       |       ||     1
  Eat: Chunk             |       |    11 |     3 ||    14
Armor: Scale mail        |   110 |   122 |    42 ||   274
Dodge: Dodged            |    61 |    65 |    29 ||   155
Block: Shield            |    95 |   145 |    39 ||   279
